Map: 트라이튼 - 래더

Players

Zest - Winner!

  • Race: Protoss Protoss
  • Spawn Location: 11:00

SKillous

  • Race: Protoss Protoss
  • League: Master
  • Spawn Location: 5:00

VOD

Have the link to the VOD?

Description

Time

  • Played on: Jan. 6, 2020, 8:26 p.m.
  • Length: 4:45
Show
View Real Time Build Order
Export as new Build Order

Zest Protoss - Winner!

Build Orders:  

Get SALT Encoding   

  12  0:00  Probe  
  13  0:13  Probe  
  14  0:17  Pylon  
  14  0:25  Probe (Chrono Boost)  
  15  0:37  Probe (Chrono Boost), Gateway  
  16  0:44  Probe (Chrono Boost)  
  16  0:46  Assimilator  
  17  0:51  Probe  
  17  0:54  Assimilator  
  18  1:03  Probe (Chrono Boost)  
  19  1:07  Gateway  
  19  1:12  Probe (Chrono Boost)  
  19  1:17  Probe (Chrono Boost)  
  20  1:24  Cybernetics Core  
  21  1:29  Probe  
  22  1:35  Pylon  
  22  1:42  Probe  
  23  1:54  Probe  
  24  2:01  Warp Gate, Robotics Facility  
  24  2:04  Stalker  
  26  2:12  Stalker  
  28  2:19  Pylon  
  28  2:34  Stalker  
  29  2:45  Immortal (Chrono Boost)  
  33  2:51  Stalker  
  35  3:09  Sentry  
  37  3:13  Warp Prism (Chrono Boost)  
  37  3:19  Pylon  
  39  3:29  Shield Battery  
  39  3:43  Immortal  
  43  3:57  Stalker  
  43  3:59  Stalker  
  43  4:33  Stalker x2  
Show
View Real Time Build Order
Export as new Build Order

SKillous Protoss 

Build Orders: Phoenix Opening 

Get SALT Encoding   

  12  0:02  Probe  
  13  0:14  Probe  
  13  0:18  Pylon  
  14  0:26  Probe (Chrono Boost)  
  15  0:36  Gateway  
  15  0:38  Probe (Chrono Boost)  
  16  0:43  Assimilator  
  16  0:47  Probe (Chrono Boost)  
  17  0:52  Assimilator  
  17  0:54  Probe (Chrono Boost)  
  18  1:06  Probe (Chrono Boost)  
  18  1:09  Gateway  
  19  1:14  Probe (Chrono Boost)  
  20  1:20  Probe  
  20  1:25  Cybernetics Core  
  22  1:32  Probe  
  22  1:36  Pylon  
  22  1:44  Probe  
  23  1:57  Probe  
  24  2:01  Stalker  
  24  2:02  Sentry  
  24  2:03  Warp Gate  
  28  2:17  Pylon  
  28  2:28  Stalker  
  30  2:35  Phoenix, Stalker  
  32  2:52  Probe  
  32  2:53  Nexus  
  35  2:58  Sentry  
  35  3:04  Probe  
  36  3:06  Sentry  
  36  3:08  Pylon  
  39  3:25  Robotics Facility  
  38  3:30  Shield Battery  
  38  3:31  Shield Battery  
  37  3:36  Shield Battery  
  37  3:52  Stalker x2  
  37  4:23  Stalker  
  35  4:27  Stalker  
Tags
 
Add a new tag
Caveats
  • Supply blocks, unpowered buildings, or Contaminate may cause inaccurate times.
  • Supply counts are checked every 10 seconds.